 Dungeon Crawl Stone Soup version 0.25-a0-388-g41a7e554cb (webtiles) character file.

Game seed: 16712210932047429106, levelgen mode: classic

78291 EnegeticOcto the Unseen (level 15, -2/78 HPs)
             Began as a Vine Stalker Venom Mage on Jan 7, 2020.
             Was the Champion of Wu Jian.
             Shot with a bolt by a naga sharpshooter (12 damage)
             ... on level 1 of the Snake Pit.
             The game lasted 00:49:54 (25790 turns).

EnegeticOcto the Unseen (Vine Stalker Venom Mage)  Turns: 25790, Time: 00:49:55

Health: -2/78      AC: 14    Str: 11    XL:     15   Next: 59%
Magic:  0/23       EV: 11    Int: 20    God:    Wu Jian [******]
Gold:   2111       SH:  6    Dex: 16    Spells: 7/24 levels left

rFire    . . .     SeeInvis .   a - +9 scimitar (freeze)
rCold    . . .     Gourm    .   N - +0 buckler
rNeg     . . .     Faith    .   G - +1 ring mail {MR+}
rPois    +         Spirit   +   O - +2 hat
rElec    .         Reflect  .   r - +2 cloak
rCorr    .         Harm     .   (no gloves)
MR       ++...                  A - +2 pair of boots {run}
Stlth    +++++.....             n - amulet of rage
HPRegen  1.03/turn              D - +2 ring of evasion
MPRegen  0.18/turn              T - ring of poison resistance

@: constricted, studying Stealth, serpent's lash, quick
A: fangs 3, regeneration 2, magic shield, antimagic bite, no potion heal 3, rot
immunity
a: Wall Jump, Serpent's Lash, Heavenly Storm, Renounce Religion, Evoke Berserk
Rage


You were on level 1 of the Snake Pit.
You worshipped Wu Jian.
Wu Jian was exalted by your worship.
You were not hungry.

You visited 5 branches of the dungeon, and saw 25 of its levels.
You also visited: Bailey.

You collected 2477 gold pieces.
You spent 366 gold pieces at shops.

Inventory:

Hand Weapons
 a - a +9 scimitar of freezing (weapon)
 b - the +7 falchion of Arrival {flame, rElec rF+}
   (You found it on level 5 of the Dungeon)

   It has been specially enchanted to burn those struck by it, causing extra
   injury to most foes and up to half again as much damage against particularly
   susceptible opponents.
   Big, fiery blades are also staple armaments of hydra-hunters.
   It protects you from fire.
   It insulates you from electricity.
 W - a +3 scimitar of flaming
Armour
 r - a +2 cloak (worn)
 A - a +2 pair of boots of running (worn)
 G - a +1 ring mail of magic resistance (worn)
 H - a +2 large shield of protection
 N - a +0 buckler (worn)
 O - a +2 hat (worn)
Magical Staves
 X - an uncursed staff of cold {unknown}
Jewellery
 d - an uncursed ring of protection from magic
 j - an uncursed ring of protection from cold
 n - an amulet of rage (around neck)
 o - an uncursed ring of fire
 D - a +2 ring of evasion (left hand)
 Q - an uncursed ring of see invisible
 T - a ring of poison resistance (right hand)
 V - an uncursed ring of protection from fire {unknown}
Wands
 u - a wand of scattershot (10)
 F - a wand of acid (10)
 J - a wand of digging (4)
 K - a wand of flame (76)
 R - a wand of paralysis (10)
 S - a wand of enslavement (5)
 U - a wand of disintegration (18)
 Y - a wand of iceblast (11)
Scrolls
 f - 11 scrolls of teleportation {@r3 !r}
 k - 6 scrolls of enchant weapon
 q - 3 scrolls of fog {!r}
 x - 5 scrolls of magic mapping {@r5 !r}
 y - 3 scrolls of amnesia
 C - a scroll of enchant armour
 L - 7 scrolls of remove curse {@r2}
 P - 2 scrolls of immolation
Potions
 c - 13 potions of curing {@q1 !q}
 g - 4 potions of lignification {@q6}
 h - 2 potions of flight
 i - a potion of ambrosia
 l - 3 potions of invisibility
 m - 2 potions of magic
 p - a potion of resistance
 s - 3 potions of mutation
 t - 2 potions of berserk rage
 v - 2 potions of agility {@q5 !q}
 z - 2 potions of might {@q3 !q}
 B - 3 potions of cancellation
 I - a potion of brilliance
 M - a potion of haste {@q4 !q}
Books
 w - a manual of Stealth
Miscellaneous
 E - a phantom mirror
Comestibles
 e - 33 rations


   Skills:
 + Level 8.9 Fighting
 - Level 14.0 Long Blades
 - Level 2.2 Armour
 - Level 4.0 Dodging
 - Level 15.0 Stealth
 + Level 9.2 Shields
 - Level 5.0 Spellcasting
 - Level 4.0 Conjurations
 - Level 8.0 Transmutations
 - Level 4.0 Air Magic
 - Level 10.0 Poison Magic
 - Level 4.1 Evocations


You had 7 spell levels left.
You knew the following spells:

 Your Spells              Type           Power        Failure   Level  Hunger
a - Sting                 Tmut/Pois      ####         1%          1    None
b - Poisonous Vapours     Pois/Air       ####..       2%          2    None
c - Mephitic Cloud        Conj/Pois/Air  ####....     7%          3    ##.....
d - Olgreb's Toxic Radia  Pois           #####...     4%          4    ####...
e - Ignite Poison         Fire/Tmut/Pois ####....     7%          3    ##.....
f - Apportation           Tloc           #.....       26%         1    None
g - Confusing Touch       Hex            #.....       26%         1    None
Y - Blink                 Tloc           N/A          38%         2    None

Your spell library contained the following spells:

 Spells                   Type           Power        Failure   Level  Hunger
 Magic Dart               Conj           ###.         5%          1    None
 Foxfire                  Conj/Fire      ##..         12%         1    None
 Animate Skeleton         Necr           N/A          26%         1    None
 Summon Butterflies       Summ           #.......     26%         1    None
 Summon Small Mammal      Summ           #...         26%         1    None
 Conjure Flame            Conj/Fire      ##......     34%         3    ##.....
 Call Imp                 Summ           #.......     38%         2    None
 Slow                     Hex            #.......     38%         2    None
 Call Canine Familiar     Summ           #.......     63%         3    ##.....
 Inner Flame              Hex/Fire       #.......     63%         3    ##.....
 Sticky Flame             Conj/Fire      ##......     75%         4    ####...
 Summon Ice Beast         Ice/Summ       #.......     95%         4    ####...
 Fireball                 Conj/Fire      ##........   97%         5    #####..
 Summon Mana Viper        Hex/Summ       #.......     100%        5    #####..
 Summon Hydra             Summ           #.........   100%        7    #######


Dungeon Overview and Level Annotations

Branches:
Dungeon (15/15)            Temple (1/1) D:7            Lair (6/6) D:8
 Shoals (0/4) Lair:4        Snake (1/4) Lair:4        Slime (0/5) Lair:5
    Orc (2/2) D:9             Elf (0/3) Orc:2        Vaults (0/5) D:14
 Depths (0/5) D:15         Bailey (visited)

Altars:
Ashenzari
Cheibriados
Dithmenos
Elyvilon
Fedhas
Gozag
Hepliaklqana
Kikubaaqudgha
Makhleb
Nemelex Xobeh
Okawaru
Qazlal
Ru
Sif Muna
Trog
Uskayaw
Vehumet
Wu Jian
Xom
Yredelemnul
Zin
The Shining One
Beogh

Shops:
D:4 !   Orc:2 [([(

Annotations:
D:3 exclusion: hobgoblin, Grinder
D:4 2 runed translucent doors, Grizz's ghost, amateur MiFi
D:5 3 runed translucent doors, Yorgos's ghost, novice OpFi
D:10 1 exclusion
D:12 Borgoz's ghost, journeyman GrBe
Lair:6 1 exclusion


Innate Abilities, Weirdness & Mutations

You have razor-sharp teeth.
You heal very quickly.
When hurt, damage is shared between your health and your magic reserves.
Your bite disrupts and absorbs the magic of your enemies.
Potions cannot restore your health.
You are immune to rotting.


Message History

You barely miss the naga. Your bite misses the naga.
The naga is almost dead.
The anaconda bites you but does no damage.
You slash the naga! You freeze the naga.
You kill the naga!
The Council accepts your kill. The anaconda grabs you.
You block the anaconda's attack. The anaconda constricts you.
The naga spits poison at you.
The splash of poison hits you but does no damage.
You resist.
You barely miss the anaconda. Your bite misses the anaconda.
The anaconda misses you.
You riposte.
You hit the anaconda. You freeze the anaconda. Your bite misses the anaconda.
The anaconda is lightly wounded.
The anaconda constricts you.
The naga hits you from afar with a +0 halberd.
The anaconda bites you but does no damage.
The anaconda constricts you.
You miss the anaconda. Your bite misses the anaconda.
The anaconda is lightly wounded.
A naga mage comes into view. It is wielding a +0 club.
You block the anaconda's attack. The anaconda constricts you.
You escape the anaconda's grasp.
You spin and attack the anaconda.
You completely miss the anaconda.
The anaconda is lightly wounded.
A naga sharpshooter comes into view. It is wielding a +0 dire flail.
The naga closely misses you.
You riposte.
You slice the naga!! You freeze the naga.
The naga is severely wounded.
The naga barely misses you. The anaconda closely misses you.
You block the anaconda's attack.
You see here a +0 short sword.
You slash the naga! You freeze the naga.
You kill the naga!
The Council accepts your kill. The anaconda closely misses you.
You block the anaconda's attack.
You spin and attack the anaconda repeatedly.
You barely miss the anaconda. You bite the anaconda. You drain its power.
You feel invigorated.
The anaconda is lightly wounded.
You miss the anaconda.
The anaconda is lightly wounded.
The anaconda grabs you.
The anaconda bites you but does no damage.
The anaconda constricts you. You block the anaconda's attack.
The anaconda constricts you. The naga mage spits poison at you.
The splash of poison hits you. You resist.
The anaconda's grasp on you weakens, but your attempt to escape fails.
The anaconda bites you! The anaconda constricts you. The anaconda bites you!
The anaconda constricts you.
You escape the anaconda's grasp.
Casting: Ignite Poison (safe; 7% risk of failure)
Confirm with . or Enter, or press ? or * to list all spells.
You can't see any susceptible monsters within range! (Use Z to cast anyway.)
Press: ? - help, v - describe, . - travel
Here: an anaconda (lightly wounded)
The floor.
Casting: Ignite Poison (safe; 7% risk of failure)
Confirm with . or Enter, or press ? or * to list all spells.
Aiming: Poisonous Vapours (safe; 2% risk of failure)
Press: ? - help, Dir - move target cursor, f - anaconda
Aim: an anaconda (lightly wounded) Poisonous vapours surround the anaconda!
The anaconda is engulfed in poison gas.
The anaconda is poisoned.
The anaconda grabs you. The anaconda closely misses you.
The anaconda constricts you.
The anaconda looks even sicker.
The anaconda bites you. The anaconda constricts you.
Casting: Poisonous Vapours (safe; 2% risk of failure)
Confirm with . or Enter, or press ? or * to list all spells.
Aiming: Poisonous Vapours (safe; 2% risk of failure)
Press: ? - help, Dir - move target cursor, f/p - anaconda
Aim: an anaconda (lightly wounded, constricting you, very poisoned) Poisonous vapours surround the anaconda!
The anaconda looks even sicker.
The anaconda bites you. The anaconda constricts you.
The anaconda is engulfed in poison gas.
The anaconda looks as sick as possible!
The anaconda completely misses you.
You riposte.
You slice the anaconda!! You freeze the anaconda.
The anaconda is heavily wounded.
The anaconda constricts you.
You barely miss the anaconda.
The anaconda is heavily wounded.
The anaconda bites you!
* * * LOW HITPOINT WARNING * * *
x2 The anaconda constricts you.
Your muscles tense, ready for explosive movement...
The anaconda's grasp on you weakens, but your attempt to escape fails.
The anaconda bites you!
* * * LOW HITPOINT WARNING * * *
x2 The anaconda constricts you.
The anaconda bites you but does no damage.
* * * LOW HITPOINT WARNING * * *
The anaconda constricts you.
The naga sharpshooter unwields a +0 dire flail.
The naga sharpshooter wields a +0 arbalest.
The naga sharpshooter casts a spell.
The naga sharpshooter magically shoots a bolt.
The bolt hits you!
You die...

.##...#...# ... ..##..##.######..
...####..#....#.#
....#....#....#.##
....#....#....#..#####...
#...#÷...#..>.#..N)......
#.............#.N#N......
#...###..#...##.S#.......
##.##.####......@#.......
...#.....##..#...#....... ###
#.........######.##....####.#####
....÷....##.# #..#....#..#......
#...(....#.## #......##..#..#...
#####.####.# #..#.###[..#..####
#...###....# #######.....#.##..#
...........# #....####...#......
.....#.....# ###..#..#...#.#....


You could see a naga sharpshooter, an anaconda and a naga mage.

Vanquished Creatures
  Kirke (D:13)
  An orc warlord (Orc:2)
  An ettin (Orc:1)
  2 fire dragons (D:15)
  Snorg (Orc:1)
  An ogre mage (D:15)
  A yaktaur captain (D:14)
  3 hydras
  Erica (D:9)
  An anaconda (Snake:1)
  6 death yaks
  5 two-headed ogres
  Urug (Orc:1)
  A naga sharpshooter (Snake:1)
  Nergalle (Lair:4)
  4 orc high priests (Orc:2)
  3 shock serpents (Snake:1)
  Sonja (Orc:1)
  A deep elf archer (Bailey)
  An orc sorcerer (D:13)
  A mana viper (Snake:1)
  3 orc knights
  An oklob plant (Lair:5)
  11 deep elf magi
  An ugly thing (D:11)
  2 cyclopes
  2 salamanders (Snake:1)
  Maurice (D:9)
  A manticore (D:12)
  A merfolk siren (Lair:4)
  2 naga magi (Snake:1)
  7 black mambas
  2 centaur zombies (D:15)
  3 gargoyles
  6 spiny frogs
  2 yaktaurs (D:14)
  A rime drake (Lair:5)
  An efreet (D:15)
  6 komodo dragons
  2 polar bears
  A merfolk (Lair:4)
  A hornet (D:13)
  5 trolls
  5 slime creatures (D:10)
  16 blink frogs
  14 hippogriffs
  A spriggan (Lair:5)
  A shadow (D:15)
  Sigmund (D:4)
  5 wyverns
  A vampire (D:15)
  4 hogs (D:10)
  26 yaks
  A steam dragon (D:12)
  2 basilisks
  A human (D:10)
  A hungry ghost (D:3)
  3 vampire mosquitoes (D:15)
  Edmund (D:5)
  A harpy simulacrum (D:15)
  Menkaure (D:6)
  16 wargs
  2 acid dragons (D:14)
  10 nagas
  A soldier ant (D:12)
  A hell hound (Lair:6)
  9 water moccasins
  16 porcupines
  A swamp drake (Orc:2)
  39 orc warriors
  3 black bears
  4 ice beasts
  A phantom (D:7)
  4 sky beasts
  16 crocodiles
  8 wolves (Lair:5)
  15 ogres
  7 centaurs
  A big kobold (D:9)
  A wyvern zombie (D:7)
  20 bullfrogs
  3 gnoll sergeants (D:9)
  2 water moccasin zombies
  6 scorpions
  8 killer bees
  4 wights (D:15)
  2 electric eels
  A howler monkey (D:8)
  2 bullfrog zombies
  8 crimson imps
  6 hounds
  A quasit (D:13)
  An iron imp (Orc:2)
  21 orc priests
  3 jellies
  2 bullfrog skeletons (D:4)
  33 orc wizards
  2 centaur skeletons
  Jessica (D:3)
  3 iguanas
  Natasha (thrice) (D:3)
  12 worker ants
  A hound zombie (D:5)
  3 gnolls (D:9)
  A worker ant zombie (D:7)
  2 howler monkey skeletons
  8 adders
  3 shadow imps
  A white imp (Orc:2)
  4 adder zombies
  An adder skeleton (D:7)
  5 worms
  2 dart slugs
  2 leopard geckos
  135 orcs
  4 giant cockroaches
  10 goblins
  7 hobgoblins
  8 jackals
  3 quokkas
  A ball python (D:5)
  10 bats
  7 frilled lizards
  4 kobolds
  12 rats
718 creatures vanquished.

Vanquished Creatures (others)
  A deep elf mage (D:13)
  A crimson imp (D:13)
  An orc (Orc:2)
  8 fungi
  5 plants (Lair:1)
16 creatures vanquished.

Grand Total: 734 creatures vanquished

Notes
Turn   | Place    | Note
-------+----------+-------------------------------------------
     0 | D:1      | EnegeticOcto the Vine Stalker Venom Mage began the quest
                  | for the Orb.
     0 | D:1      | Reached XP level 1. HP: 9/9 MP: 4/4
     2 | D:1      | Noticed an octopode
     2 | D:1      | Noticed a demonspawn
     4 | D:1      | Noticed a gargoyle
     6 | D:1      | Noticed a merfolk
     8 | D:1      | Noticed a dwarf
     8 | D:1      | Noticed a troll
    10 | D:1      | Noticed a minotaur
    10 | D:1      | Noticed a halfling
    12 | D:1      | Noticed an elf
    12 | D:1      | Noticed a felid
    14 | D:1      | Noticed a spriggan
    14 | D:1      | Noticed a ghoul
    16 | D:1      | Noticed a tengu
    16 | D:1      | Noticed a human
    18 | D:1      | Noticed a demigod
    18 | D:1      | Noticed a formicid
    20 | D:1      | Noticed a vampire
    20 | D:1      | Noticed a vine stalker
    22 | D:1      | Noticed a centaur
    22 | D:1      | Noticed a draconian
    24 | D:1      | Noticed an ogre
    26 | D:1      | Noticed a naga
   166 | D:1      | Reached skill level 3 in Stealth
   289 | D:1      | Reached XP level 2. HP: 9/13 MP: 0/6
   439 | D:1      | Learned a level 2 spell: Poisonous Vapours
   734 | D:1      | Reached XP level 3. HP: 16/16 MP: 5/8
  1131 | D:2      | Learned a level 3 spell: Mephitic Cloud
  2103 | D:3      | Noticed Grinder
  2213 | D:3      | You fall into a shaft and drop 2 floors!
  2213 | D:5      | Entered Level 5 of the Dungeon
  2222 | D:4      | Gained mutation: Your natural rate of healing is unusually
                  | fast. [Vine Stalker growth]
  2222 | D:4      | Reached XP level 4. HP: 21/21 MP: 4/9
  2317 | D:3      | Noticed Natasha
  2317 | D:3      | Noticed Jessica
  2318 | D:3      | Killed Jessica
  2318 | D:3      | Reached skill level 1 in Conjurations
  2318 | D:3      | Reached skill level 1 in Air Magic
  2324 | D:3      | Killed Natasha
  2324 | D:3      | Reached XP level 5. HP: 23/24 MP: 2/10
  2560 | D:3      | Noticed Natasha
  2574 | D:3      | Killed Natasha
  2574 | D:3      | Reached skill level 1 in Fighting
  2693 | D:3      | Noticed a hungry ghost
  2700 | D:3      | Killed a hungry ghost
  2700 | D:3      | Reached XP level 6. HP: 32/32 MP: 11/11
  2823 | D:3      | Noticed Natasha
  2834 | D:3      | Killed Natasha
  2935 | D:3      | Found a faded altar of an unknown god.
  3525 | D:4      | Found a runed translucent door.
  3663 | D:4      | Reached XP level 7. HP: 33/36 MP: 9/13
  3748 | D:4      | Found Usaypnig's Distillery.
  3772 | D:4      | Bought a potion of lignification for 33 gold pieces
  3772 | D:4      | Bought a potion of agility for 44 gold pieces
  3772 | D:4      | Bought a potion of degeneration for 11 gold pieces
  3773 | D:4      | Bought a potion of curing for 33 gold pieces
  3773 | D:4      | Bought a potion of cancellation for 88 gold pieces
  3987 | D:4      | Noticed Sigmund
  4002 | D:4      | Killed Sigmund
  4002 | D:4      | Reached skill level 5 in Poison Magic
  4123 | D:4      | Found a runed translucent door.
  4448 | D:4      | Noticed Grizz's ghost (amateur MiFi)
  4589 | D:5      | Found a runed translucent gate.
  4590 | D:5      | Found a runed translucent gate.
  4591 | D:5      | Found a runed translucent gate.
  4595 | D:5      | Found an opulent altar of Gozag.
  4596 | D:5      | Noticed Yorgos's ghost (novice OpFi)
  4597 | D:5      | Noticed a deep elf mage
  4599 | D:5      | Got a faintly glowing falchion
  4600 | D:5      | Identified the +7 falchion of Arrival {flame, rElec rF+}
                  | (You found it on level 5 of the Dungeon)
  4785 | D:5      | Reached skill level 1 in Long Blades
  4785 | D:5      | Reached skill level 5 in Spellcasting
  4896 | D:5      | Noticed Edmund
  4906 | D:5      | Killed Edmund
  4906 | D:5      | Gained mutation: You have razor-sharp teeth. [Vine Stalker
                  | growth]
  4906 | D:5      | Reached XP level 8. HP: 34/40 MP: 5/16
  5135 | D:5      | Learned a level 4 spell: Olgreb's Toxic Radiance
  5567 | D:6      | Noticed Menkaure
  5576 | D:6      | Killed Menkaure
  5884 | D:6      | Reached skill level 5 in Long Blades
  5884 | D:6      | Reached XP level 9. HP: 40/44 MP: 17/17
  6036 | D:6      | Learned a level 3 spell: Ignite Poison
  6075 | D:7      | Found a shattered altar of Ashenzari.
  6210 | D:7      | Found a staircase to the Ecumenical Temple.
  6239 | Temple   | Entered the Ecumenical Temple
  6321 | Temple   | Became a worshipper of the Wu Jian Council
  6583 | D:7      | Identified a +2 pair of boots of running (You found it on
                  | level 7 of the Dungeon)
  7115 | D:8      | Found a staircase to the Lair.
  7486 | D:8      | Reached * piety under Wu Jian
  7486 | D:8      | Reached skill level 1 in Evocations
  7486 | D:8      | Reached XP level 10. HP: 43/49 MP: 7/18
  8021 | D:9      | Noticed Maurice
  8031 | D:9      | Killed Maurice
  8538 | D:9      | Noticed Erica
  8621 | D:9      | Killed Erica
  8731 | D:9      | Found a staircase to the Orcish Mines.
  8736 | D:9      | Reached skill level 10 in Long Blades
  8737 | D:9      | Reached ** piety under Wu Jian
  8989 | D:9      | Found a glowing silver altar of Zin.
  8999 | D:9      | Reached skill level 1 in Shields
  9002 | D:9      | Reached XP level 11. HP: 43/52 MP: 9/19
  9788 | D:10     | Entered Level 10 of the Dungeon
  9864 | D:10     | Found a flagged portal.
  9886 | Bailey   | Entered a bailey
  9971 | Bailey   | Noticed a deep elf mage
  9978 | Bailey   | Killed a deep elf mage
 10022 | Bailey   | Noticed a deep elf mage
 10029 | Bailey   | Killed a deep elf mage
 10032 | Bailey   | Noticed a deep elf mage
 10040 | Bailey   | Killed a deep elf mage
 10041 | Bailey   | Noticed a deep elf mage
 10050 | Bailey   | Killed a deep elf mage
 10050 | Bailey   | Noticed a deep elf mage
 10054 | Bailey   | Killed a deep elf mage
 10054 | Bailey   | Noticed a deep elf mage
 10063 | Bailey   | Killed a deep elf mage
 10219 | Bailey   | Noticed a deep elf mage
 10228 | Bailey   | Noticed a deep elf archer
 10238 | Bailey   | Killed a deep elf archer
 10402 | Bailey   | Killed a deep elf mage
 10498 | Bailey   | Noticed a deep elf mage
 10498 | Bailey   | Noticed a deep elf mage
 10509 | Bailey   | Killed a deep elf mage
 10511 | Bailey   | Killed a deep elf mage
 10952 | D:10     | Reached skill level 5 in Fighting
 11111 | D:10     | Reached *** piety under Wu Jian
 11114 | D:10     | Gained mutation: You heal very quickly. [Vine Stalker
                  | growth]
 11114 | D:10     | Reached XP level 12. HP: 47/60 MP: 13/20
 12117 | Lair:1   | Entered Level 1 of the Lair of Beasts
 12162 | Lair:1   | Reached skill level 1 in Armour
 12648 | Lair:1   | Reached **** piety under Wu Jian
 13445 | Lair:2   | Noticed an eight-headed hydra
 13457 | Lair:2   | Killed a five-headed hydra
 13648 | Lair:2   | Reached skill level 5 in Transmutations
 13729 | Lair:2   | Reached skill level 4 in Stealth
 14182 | Lair:3   | Reached XP level 13. HP: 68/68 MP: 14/21
 14797 | Lair:4   | Reached skill level 5 in Stealth
 15058 | Lair:4   | Noticed Nergalle
 15081 | Lair:4   | Killed Nergalle
 15301 | Lair:4   | Found a staircase to the Shoals.
 15341 | Lair:4   | Found a staircase to the Snake Pit.
 15740 | Lair:5   | Reached skill level 6 in Stealth
 15944 | Lair:5   | Reached skill level 7 in Stealth
 16125 | Lair:5   | Found a staircase to the Slime Pits.
 16449 | Lair:5   | Reached skill level 8 in Stealth
 16864 | Lair:6   | Entered Level 6 of the Lair of Beasts
 16978 | Lair:6   | Reached ***** piety under Wu Jian
 17288 | Lair:6   | Reached skill level 9 in Stealth
 17376 | Lair:6   | Reached XP level 14. HP: 41/73 MP: 0/22
 17748 | Lair:6   | Learned a level 1 spell: Apportation
 17750 | Lair:6   | Learned a level 1 spell: Confusing Touch
 17918 | Orc:1    | Entered Level 1 of the Orcish Mines
 17922 | Orc:1    | Noticed Sonja
 17933 | Orc:1    | Killed Sonja
 18059 | Orc:2    | Entered Level 2 of the Orcish Mines
 18088 | Orc:2    | Reached skill level 10 in Stealth
 18107 | Orc:2    | Found a roughly hewn altar of Beogh.
 18157 | Orc:2    | Found a staircase to the Elven Halls.
 18214 | Orc:2    | Found a roughly hewn altar of Beogh.
 18254 | Orc:2    | Noticed an orc warlord
 18256 | Orc:2    | Reached ****** piety under Wu Jian
 18354 | Orc:1    | Noticed Urug
 18421 | Orc:1    | Killed Urug
 18585 | Orc:2    | Found a roughly hewn altar of Beogh.
 18600 | Orc:2    | Killed an orc warlord
 18808 | Orc:2    | Found Wuedog's Antique Weapon Emporium.
 18809 | Orc:2    | Found a roughly hewn altar of Beogh.
 18810 | Orc:2    | Found Tiushi's Antique Armour Shoppe.
 18871 | Orc:2    | Found a roughly hewn altar of Beogh.
 18872 | Orc:2    | Found Erieciuch's Antique Armour Shop.
 19071 | Orc:2    | Found a roughly hewn altar of Beogh.
 19091 | Orc:2    | Found Sijig's Weapon Emporium.
 19279 | Orc:2    | Found a roughly hewn altar of Beogh.
 19393 | Orc:2    | Found a roughly hewn altar of Beogh.
 19438 | Orc:2    | Found a roughly hewn altar of Beogh.
 19587 | Orc:2    | Bought a runed large shield for 157 gold pieces
 19643 | Orc:1    | Noticed Snorg
 19652 | Orc:1    | Killed Snorg
 20234 | D:11     | Reached skill level 10 in Poison Magic
 20707 | D:12     | Reached skill level 11 in Stealth
 20734 | D:12     | Reached skill level 5 in Shields
 20961 | D:12     | Found a sacrificial altar of Ru.
 21227 | D:13     | Noticed Kirke
 21242 | D:13     | Killed Kirke
 21242 | D:13     | Reached skill level 12 in Stealth
 21578 | D:13     | Found a runed translucent gate.
 21578 | D:13     | Found a runed translucent gate.
 21578 | D:13     | Found a runed translucent gate.
 21581 | D:13     | Noticed Borgoz's ghost (journeyman GrBe)
 21585 | D:13     | Identified the +10 glaive of the Hidden Vale {chop, +Rage
                  | rF+++ Str-4 Dex-4}
 21805 | D:13     | Reached skill level 13 in Stealth
 22331 | D:13     | Found a roughly hewn altar of Beogh.
 22578 | D:14     | Found a gate to the Vaults.
 22596 | D:14     | Reached XP level 15. HP: 53/77 MP: 17/23
 22795 | D:14     | Found a snail-covered altar of Cheibriados.
 22944 | D:14     | Found a blossoming altar of Fedhas.
 23249 | D:14     | Reached skill level 14 in Stealth
 23596 | D:15     | Entered Level 15 of the Dungeon
 24115 | D:15     | Reached skill level 15 in Stealth
 24180 | D:15     | Found a staircase to the Depths.
 24601 | D:15     | Learned a level 2 spell: Blink
 24867 | Snake:1  | Entered Level 1 of the Snake Pit
 25790 | Snake:1  | Shot with a bolt by a naga sharpshooter

Levels and vault maps discovered:
D:1:      kb_arrival_jail, layout_basic, minmay_nonomino_d4
D:2:      layout_loops_cross, supply_closet_lemuel, kennysheep_generic_room_3
D:3:      layout_loops_ring, serial_undead, serial_undead_c, serial_undead_e,
          serial_undead_c, serial_undead_e, chequers_ecumenical_altar_simple,
          first_ration, uniq_grinder, uniq_natasha, uniq_jessica
D:4:      kennysheep_the_goblin_king, layout_basic, ebering_ghost_sewer_f,
          serial_shops, nicolae_shop_temple_entry_statues_fountains,
          uniq_sigmund
D:5:      layout_rooms, ebering_ghost_gozag, uniq_edmund
D:6:      layout_rooms, lemuel_flame_loot_1, uniq_menkaure
D:7:      layout_loops_cross, minmay_temple_entry_junction_2, basic_altar
D:8:      layout_basic, due_lair_maze_entry_diamond, hex_intersection
D:9:      layout_layer_cave, zin_statuary,
          kennysheep_orc_monster_closet_entryway, uniq_maurice, uniq_erica
D:10:     cheibrodos_statue_roulette, layout_loops_ring, enter_bailey_2,
          grunt_livestock, fountainhead, st_stairs_7
D:11:     layout_cave_pools
D:12:     layout_small_grid, drop_trap, nicolae_ru_awakened_eye
D:13:     lemuel_castle_with_subvaults [lemuel_castle_interior_original],
          layout_stronghold, biasface_ghost_orc_armoury, uniq_kirke
D:14:     layout_layer_cave, david_vaults_2, cheibriados_altar_1, fedhas_altar_1
D:15:     grunt_enter_depths_hoard, layout_irregular_city, nrook_pool_corridor
Temple:   nicolae_temple_the_god_donut
Lair:1:   layout_roguey, serial_bayou_shore_a
Lair:2:   layout_gridlike
Lair:3:   layout_loops_ring
Lair:4:   layout_regular_city, elwin_shoals_entry_rooms,
          guppyfry_snake_entry_garden, uniq_nergalle
Lair:5:   layout_regular_city, minmay_slime_entry_oklob_open,
          serial_bayou_lagoon_a, forest_entry_grove
Lair:6:   cheibrodos_lair_end_hotspot, layout_regular_city
Snake:1:  layout_honeycomb
Orc:1:    layout_diamond_mine, uniq_snorg, uniq_urug, uniq_sonja
Orc:2:    grunt_orc_community_town_hall, layout_caves,
          grunt_orc_community_big_house_1, grunt_orc_community_big_house_2,
          grunt_orc_community_house_3, grunt_orc_community_house_2,
          grunt_orc_community_house_2, grunt_orc_community_house_3,
          grunt_orc_community_house_3, basic_altar, hangedman_minor_magic

Skill      XL: |  1  2  3  4  5  6  7  8  9 10 11 12 13 14 15 |
---------------+----------------------------------------------+-----
Stealth        | 3 4 9 13 15 | 15.0
Spellcasting   | 3 5 |  5.0
Poison Magic   | 4 6 7 9 10 | 10.0
Conjurations   | 1 2 3 4 |  4.0
Air Magic      | 1 2 3 4 |  4.0
Fighting       | 3 5 8 |  8.9
Long Blades    | 1 5 8 10 12 13 14 | 14.0
Transmutations | 4 5 6 8 |  8.0
Evocations     | 1 4 |  4.1
Shields        | 1 4 6 9 |  9.2
Dodging        | 3 4 |  4.0
Armour         | 2 |  2.2

Action                   |  1- 3 |  4- 6 |  7- 9 | 10-12 | 13-15 || total
-------------------------+-------+-------+-------+-------+-------++-------
Melee: Unarmed           |     3 |       |       |       |       ||     3
       Bite              |     2 |    22 |    39 |    94 |   287 ||   444
       Dagger            |       |    45 |       |       |       ||    45
       Falchion          |       |       |   126 |   262 |    11 ||   399
       Scimitar          |       |       |       |    43 |   992 ||  1035
 Cast: Sting             |    68 |    22 |    29 |    18 |     2 ||   139
       Poisonous Vapours |     8 |    26 |    76 |    93 |    69 ||   272
       Olgreb's Toxic Ra |       |       |     2 |    18 |    40 ||    60
       Ignite Poison     |       |       |       |    12 |    13 ||    25
       Mephitic Cloud    |       |       |       |     8 |     4 ||    12
Invok: Lunge             |       |       |     3 |    23 |   125 ||   151
       Whirlwind         |       |       |       |     8 |    71 ||    79
       Serpent's Lash    |       |       |       |       |     1 ||     1
Evoke: Wand              |       |     2 |       |     8 |     5 ||    15
       Phantom mirror    |       |       |       |       |     1 ||     1
  Use: Scroll            |     1 |     4 |     7 |    15 |    10 ||    37
 Stab: Sleeping          |       |     2 |     5 |     2 |    33 ||    42
       Confused          |       |       |       |     2 |     1 ||     3
       Paralysed         |       |       |       |     3 |       ||     3
       Distracted        |       |       |       |     1 |    11 ||    12
  Eat: Chunk             |     5 |     6 |    14 |    22 |    41 ||    88
       Ration            |       |       |       |     1 |     1 ||     2
Armor: Robe              |     7 |     7 |    11 |       |       ||    25
       Ring mail         |       |       |    10 |    78 |   204 ||   292
Dodge: Dodged            |    33 |    39 |    89 |   126 |   406 ||   693
Block: Buckler           |       |       |       |    40 |   191 ||   231
       Rpst.: Falchion   |       |       |    24 |    29 |     3 ||    56
       Scimitar          |       |       |       |     7 |   111 ||   118

Table legend:
 A = Non-vault XP
 B = Vault XP
 C = Vault XP percentage of total XP
 D = Non-vault monster count
 E = Vault monster count
 F = Vault count percentage of total count
                 A         B        C        D         E       F
            +---------+---------+-------+---------+---------+-------
      Total |   70568 |   41277 |  36.9 |     454 |     264 |  36.8
            +---------+---------+-------+---------+---------+-------
        D:1 |      28 |      12 |  30.0 |      17 |       8 |  32.0
        D:2 |      28 |       1 |   3.4 |      13 |       1 |   7.1
        D:3 |     308 |      92 |  23.0 |      21 |       4 |  16.0
        D:4 |     235 |     226 |  49.0 |      15 |       8 |  34.8
        D:5 |     377 |     173 |  31.5 |      12 |       1 |   7.7
        D:6 |     735 |     165 |  18.3 |      20 |       1 |   4.8
        D:7 |     660 |       0 |   0.0 |      13 |       0 |   0.0
        D:8 |     695 |    1120 |  61.7 |      11 |      10 |  47.6
        D:9 |    1369 |    3484 |  71.8 |      18 |      22 |  55.0
       D:10 |    6987 |    1715 |  19.7 |      46 |       7 |  13.2
       D:11 |    1385 |       0 |   0.0 |      13 |       0 |   0.0
       D:12 |    4231 |       0 |   0.0 |      22 |       0 |   0.0
       D:13 |     885 |    7636 |  89.6 |       9 |      75 |  89.3
       D:14 |    1245 |    1750 |  58.4 |       9 |       3 |  25.0
       D:15 |   11316 |    2019 |  15.1 |      45 |       2 |   4.3
     Lair:1 |    3260 |       0 |   0.0 |      14 |       0 |   0.0
     Lair:2 |    3610 |       0 |   0.0 |      13 |       0 |   0.0
     Lair:3 |    2862 |       0 |   0.0 |      11 |       0 |   0.0
     Lair:4 |    1952 |    2210 |  53.1 |      11 |       7 |  38.9
     Lair:5 |    7677 |    1736 |  18.4 |      25 |       8 |  24.2
     Lair:6 |    7004 |    1081 |  13.4 |      25 |       4 |  13.8
    Snake:1 |   10008 |       0 |   0.0 |      21 |       0 |   0.0
      Orc:1 |    2489 |    2885 |  53.7 |      30 |       4 |  11.8
      Orc:2 |    1222 |    9049 |  88.1 |      20 |      89 |  81.7
     Bailey |       0 |    5923 | 100.0 |       0 |      10 | 100.0
            +---------+---------+-------+---------+---------+-------
